 Dungeon Crawl Stone Soup version 0.19.0-9-gfd783f2 (webtiles) character file.

301 tv1990 the Bolt Thrower (level 6, -2/47 HPs)
             Began as a Formicid Arcane Marksman on Nov 7, 2016.
             Slain by Edmund
             ... wielding a +1 dire flail of draining
              (4 damage)
             ... on level 4 of the Dungeon.
             The game lasted 00:06:28 (2384 turns).

tv1990 the Bolt Thrower (Formicid Arcane Marksman)  Turns: 2384, Time: 00:06:30

Health: -2/47      AC:  6    Str: 15    XL:     6   Next: 64%
Magic:  7/7        EV:  6    Int: 13    God:
Gold:   97         SH:  7    Dex: 12    Spells: 0 memorised, 7 levels left

rFire  . . .     SeeInvis +     a - +0 hand crossbow
rCold  . . .     Gourm    .     k - +0 scale mail
rNeg   . . .     Faith    .     b - +0 shield
rPois  .         Spirit   .     (helmet unavailable)
rElec  .         Reflect  .     (no cloak)
rCorr  .         Harm     .     (no gloves)
MR     .....                    (no boots)
Stlth  ..........               n - amulet of magic regeneration
                                (no ring)
                                (no ring)

@: heavily drained
A: permanent stasis, dig shafts and tunnels, four strong arms, antennae 3
a: Dig, Shaft Self


You were on level 4 of the Dungeon.
You were not hungry.

You visited 1 branch of the dungeon, and saw 4 of its levels.

You collected 97 gold pieces.

Inventory:

Hand Weapons
 a - a +0 hand crossbow (weapon)
 j - a +0 spear
Missiles
 d - 22 bolts (quivered)
Armour
 b - a +0 shield (worn)
 e - a +0 robe
 k - a +0 scale mail (worn)
Jewellery
 n - an amulet of magic regeneration (around neck)
Wands
 i - a wand of teleportation (3/9)
Scrolls
 p - a scroll of magic mapping {unknown}
 s - a scroll of identify {unknown}
Potions
 h - 2 potions of curing {unknown}
 m - a potion of agility {unknown}
 o - a potion of magic {unknown}
 t - 2 potions of heal wounds
Books
 c - a book of Debilitation

   Spells                             Type                      Level
   a - Corona                         Hexes                        1
   b - Slow                           Hexes                        2
   c - Gell's Gravitas                Hexes/Translocation          3
   d - Inner Flame                    Hexes/Fire                   3
   e - Cause Fear                     Hexes                        4
   f - Leda's Liquefaction            Hexes/Earth                  4
 q - a book of the Tempests

   Spells                             Type                      Level
   a - Static Discharge               Conjuration/Air              3
   b - Lightning Bolt                 Conjuration/Air              5
   c - Fireball                       Conjuration/Fire             5
   d - Tornado                        Air                          9
   e - Shatter                        Earth                        9
Comestibles
 f - a bread ration
 g - a meat ration
 l - 4 chunks of flesh
 r - a beef jerky


   Skills:
 + Level 3.3(1.5) Fighting
 * Level 4.6(2.8) Crossbows
 + Level 2.7(1.0) Armour
 - Level 1.7(0.0) Dodging
 + Level 1.9(0.2) Shields
 - Level 1.1(0.0) Spellcasting
   Level 3.6(1.8) Hexes


You had 7 spell levels left.
You didn't know any spells.

Dungeon Overview and Level Annotations

Branches:
Dungeon (4/15)
 Temple: D:4-7

Altars:

Annotations:
D:4 Edmund


Innate Abilities, Weirdness & Mutations

You are under a permanent stasis effect.
You can dig through walls and to a lower floor.
Your four strong arms can wield two-handed weapons with a shield.
You have a pair of large antennae on your head. (SInv)


Message History

* * * LOW HITPOINT WARNING * * *
Firing (i - inventory):
d - 24 bolts (quivered)
Press: ? - help, Shift-Dir - straight line, f/p - Edmund
Aim: Edmund, wielding a dire flail of draining and wearing a runed leather armour (moderately wounded)
You shoot a bolt. The bolt closely misses Edmund.
The bolt hits the iguana but does no damage.
You block Edmund's attack.
Edmund hits you with a dire flail of draining!
* * * LOW HITPOINT WARNING * * *
You feel drained.
Firing (i - inventory):
d - 23 bolts (quivered)
Press: ? - help, Shift-Dir - straight line, f/p - Edmund
Aim: Edmund, wielding a dire flail of draining and wearing a runed leather armour (moderately wounded)
You shoot a bolt.
The bolt hits Edmund but does no damage.
Edmund is moderately wounded.
Edmund hits you with a dire flail of draining!
* * * LOW HITPOINT WARNING * * *
You feel drained.
You die...

................##
#####.#..........#
#.#.........##
#.............
###........#
#........#
#........#
########.# #@# #@#
......(l#
.##..[..# #.###..#
.. .... .#...
#..(. .....


You could see Edmund and an iguana.

Vanquished Creatures
  The ghost of nikopol the Digger, an amateur GrEE (D:3)
  A scorpion (D:4)
  An orc priest (D:3)
  A bullfrog skeleton (D:4)
  A worker ant (D:4)
  3 adders
  5 leopard geckos
  8 orcs
  10 bats
  A giant cockroach (D:2)
  6 hobgoblins
  4 jackals (D:1)
  A quokka (D:3)
  A ball python (D:1)
  2 frilled lizards
  9 goblins
  5 kobolds
  9 rats
69 creatures vanquished.

Notes
Turn   | Place    | Note
-------+----------+-------------------------------------------
     0 | D:1      | tv1990 the Formicid Arcane Marksman began the quest for the Orb.
     0 | D:1      | Reached XP level 1. HP: 15/15 MP: 2/2
   102 | D:1      | Reached XP level 2. HP: 21/21 MP: 3/3
   222 | D:1      | Reached XP level 3. HP: 15/27 MP: 4/4
   530 | D:1      | Reached skill level 1 in Armour
   805 | D:2      | Reached skill level 3 in Crossbows
  1148 | D:2      | Reached XP level 4. HP: 33/33 MP: 5/5
  1662 | D:3      | Noticed nikopol's ghost (amateur GrEE)
  1857 | D:3      | Killed nikopol's ghost
  1857 | D:3      | Reached XP level 5. HP: 40/40 MP: 6/6
  1993 | D:3      | Reached skill level 4 in Crossbows
  2076 | D:3      | Reached skill level 1 in Shields
  2129 | D:3      | Reached XP level 6. HP: 47/47 MP: 7/7
  2378 | D:4      | Noticed Edmund
  2384 | D:4      | HP: 2/47 [Edmund/dire flail of draining (11)]
  2384 | D:4      | Slain by Edmund

Skill      XL: |  1  2  3  4  5 |
---------------+----------------+-----
Fighting       | 2 3 |  3.3
Armour         | 1 2 |  2.7
Crossbows      | 3 4 |  4.6
Shields        | 1 |  1.9
Dodging        | |  1.7
Spellcasting   | |  1.1
Hexes          | |  3.6

Action                   |  1- 3 |  4- 6 || total
-------------------------+-------+-------++-------
Melee: Spear             |    57 |    55 ||   112
 Fire: Hand crossbow     |    59 |    80 ||   139
 Abil: Dig               |       |     1 ||     1
  Use: Scroll            |     2 |     4 ||     6
       Potion            |       |     1 ||     1
  Eat: Chunk             |     1 |     4 ||     5
Armor: Robe              |     2 |       ||     2
       Scale mail        |    25 |    37 ||    62
Dodge: Dodged            |    40 |    46 ||    86
Block: Shield            |       |    21 ||    21

Table legend:
 A = Turns spent in this place as a percentage of turns spent in the entire game.
 B = Non-inter-level travel turns spent in this place as a percentage of non-inter-level travel turns spent in the entire game.
 C = Inter-level travel turns spent in this place as a percentage of turns spent in this place.
 D = Turns resting spent in this place as a percentage of non-inter-level travel turns spent in this place.
 E = Turns spent auto-exploring this place as a percentage of non-inter-level travel turns spent in this place.
 F = Non-inter-level travel turns spent in this place divided by the number of levels of this place that you've seen.
                   A       B       C       D       E      F
               +-------+-------+-------+-------+-------+----------------------
         Total | 100.0 | 100.0 |   0.5 |   2.4 |  23.9 | 145.2
       Dungeon | 100.0 | 100.0 |   0.5 |   2.4 |  23.9 | 145.2
               +-------+-------+-------+-------+-------+----------------------

Table legend:
 A = Kills in this place as a percentage of kills in entire the game.
 B = Kills by you in this place as a percentage of kills by you in the entire game.
 C = Kills by friends in this place as a percentage of kills by friends in the entire game.
 D = Other kills in this place as a percentage of other kills in the entire game.
 E = Experience gained in this place as a percentage of experience gained in the entire game.
 F = Experience gained in this place divided by the number of levels of this place that you have seen.
                   A       B       C       D       E      F
               +-------+-------+-------+-------+-------+----------------------
         Total | 100.0 | 100.0 |  -nan |  -nan | 100.0 | 107.8
       Dungeon | 100.0 | 100.0 |  -nan |  -nan | 100.0 | 107.8
               +-------+-------+-------+-------+-------+----------------------

Vault maps used:
D:1:      shiori_arrival_oz, minmay_liquid_box, minivault_27
D:4:      minmay_misc_feat_x, uniq_edmund
